 Dungeon Crawl Stone Soup version 0.28.0-53-g5a82cb258f (webtiles) character file.

Game seed: 5668827143488806949

59 firemarshallily the Slasher (level 3, -2/28 HPs)
             Began as a Demonspawn Gladiator on May 21, 2022.
             Was a Priest of Jiyva.
             Slain by an orc wizard
             ... wielding a +0 dagger of protection
              (4 damage)
             ... on level 3 of the Dungeon.
             The game lasted 00:05:13 (1386 turns).

firemarshallily the Slasher (Demonspawn Gladiator)  Turns: 1386, Time: 00:05:13

Health: -2/28      AC:  5    Str: 16    XL:     3   Next: 78%
Magic:  3/3        EV: 12    Int:  9    God:    Jiyva [***...]
Gold:   12         SH:  0    Dex: 16    Spells: 2/2 levels left

rFire   . . .      SeeInvis .   a - +0 long sword
rCold   . . .      Faith    .   (no shield)
rNeg    . . .      Spirit   .   b - +0 leather armour
rPois   .          Reflect  .   (helmet unavailable)
rElec   .          Harm     .   h - +0 cloak
rCorr   +          Rampage  .   (no gloves)
Will    .....                   j - +0 pair of boots
Stlth   ++........              (no amulet)
HPRegen 1.21/turn               (no ring)
MPRegen 0.43/turn               (no ring)

@: confused
A: claws 1, thin skeletal structure 1, horns 3, engulf
a: Renounce Religion, Oozemancy


You were on level 3 of the Dungeon.
You worshipped Jiyva.
Jiyva was most pleased with you.
You visited 1 branch of the dungeon, and saw 3 of its levels.

You collected 12 gold pieces.

Inventory:

Hand Weapons
 a - a +0 long sword (weapon)
Missiles
 d - 3 throwing nets (quivered)
 e - 6 poisoned darts
 i - 26 stones
Armour
 b - a +0 leather armour (worn)
 c - a +0 helmet
 h - a +0 cloak (worn)
 j - a +0 pair of boots (worn)
Magical Staves
 f - a staff of cold
Potions
 g - a potion of heal wounds {unknown}
 k - a potion of flight {unknown}


   Skills:
 * Level 2.7 Fighting
 * Level 3.2 Long Blades
 - Level 2.0 Throwing
 * Level 1.3 Armour
 + Level 2.9 Dodging


You had 2 spell levels left.
You didn't know any spells.
Your spell library contained the following spells:

 Spells                   Type           Power      Damage    Failure   Level
 Ozocubu's Armour         Ice            0%         N/A       83%         3
 Ozocubu's Refrigeration  Ice            0%         4d5       100%        7


Dungeon Overview and Level Annotations

Branches:
Dungeon (3/15)

Altars:
Jiyva


Innate Abilities, Weirdness & Mutations

You have sharp fingernails.
You have a somewhat thin skeletal structure. (Dex +2, Stealth+)
You have a pair of large horns on your head.
Your melee attacks may engulf your foes in ooze.


Message History

The orc wizard casts a spell at you.
You are more confused.
The orc hits you with a +0 hand axe.
The orc wizard hits you with a +0 dagger of protection.
You bump into the rock wall.
The orc hits you with a +0 hand axe.
The orc wizard hits you but does no damage.
You completely miss the orc wizard. Your headbutt misses the orc wizard.
The orc wizard is heavily wounded.
The orc hits you with a +0 hand axe.
The orc wizard gestures at you while chanting.
You are more confused.
The orc throws a boomerang.
The boomerang hits you.
* * * LOW HITPOINT WARNING * * *
The orc wizard completely misses you.
Things that are here:
a +0 dagger; a +0 chain mail; an orc corpse You bump into the rock wall.
You hear a distant slurping noise.
The orc wizard hits you with a +0 dagger of protection.
* * * LOW HITPOINT WARNING * * *
You hit the orc wizard but do no damage.
The orc wizard is heavily wounded.
The orc hits you but does no damage.
The orc wizard hits you with a +0 dagger of protection.
* * * LOW HITPOINT WARNING * * *
You bump into the rock wall.
The orc hits you but does no damage.
The orc wizard hits you with a +0 dagger of protection.
* * * LOW HITPOINT WARNING * * *
You bump into the rock wall.
The orc closely misses you. The orc wizard barely misses you.
You bump into the rock wall.
The orc barely misses you. The orc wizard barely misses you.
You miss the orc wizard. Your headbutt misses the orc wizard.
The orc wizard is heavily wounded.
The orc completely misses you. The orc wizard closely misses you.
The orc hits you with a +0 hand axe.
* * * LOW HITPOINT WARNING * * *
You bump into the rock wall.
The orc wizard hits you with a +0 dagger of protection.
You die...

##### ####### #...
......###########.######
... #.#.........@o.....#
.. #......######o.....#
.####†#.#..# #......#
......#.#.## #..#####
.##.#.#.... ....#
###.#.#.#.## #.##.#
..#.###.#.# ... .J#
#.#.# ###.# ### #..
#.#.. ..# #..


You could see an orc wizard, an orc and a neutral jelly (wandering)(fellow
slime).

Vanquished Creatures
  2 adders (D:2)
  2 worms
  2 orcs (D:3)
  4 ball pythons
  2 giant cockroaches (D:1)
  2 goblins (D:1)
  5 hobgoblins
  2 jackals (D:3)
  5 kobolds
  2 bats (D:1)
  2 frilled lizards
  5 rats
35 creatures vanquished.

Vanquished Creatures (others)
  A jelly (D:3)
  An orc priest (D:3)
  3 orcs (D:3)
  A goblin (D:1)
  A hobgoblin (D:1)
  2 kobolds (D:1)
  A quokka (D:3)
  2 ball pythons (D:1)
  A bat (D:1)
  A frilled lizard (D:3)
  2 rats
  4 demonic plants (D:1)
  7 fungi (D:1)
  3 plants (D:1)
  3 withered plants (D:1)
33 creatures vanquished.

Grand Total: 68 creatures vanquished

Notes
Turn   | Place    | Note
-------+----------+-------------------------------------------
     0 | D:1      | firemarshallily the Demonspawn Gladiator began the quest
                  | for the Orb.
     0 | D:1      | Reached XP level 1. HP: 16/16 MP: 1/1
    22 | D:1      | Found a faded altar of an unknown god.
    65 | D:1      | Prayed at the altar of an unknown god.
    65 | D:1      | Became a worshipper of Jiyva Jolyoss the Shapeless
    65 | D:1      | Reached * piety under Jiyva
   131 | D:1      | Gained mutation: You have a somewhat thin skeletal
                  | structure. (Dex +2, Stealth+) [demonic ancestry]
   131 | D:1      | Reached XP level 2. HP: 22/22 MP: 2/2
   334 | D:1      | Reached ** piety under Jiyva
   786 | D:2      | Reached skill level 3 in Long Blades
  1017 | D:2      | Reached *** piety under Jiyva
  1088 | D:2      | Gained mutation: Your melee attacks may engulf your foes in
                  | ooze. [Jiyva's grace]
  1088 | D:2      | Gained mutation: You have a pair of small horns on your
                  | head. [Jiyva's grace]
  1088 | D:2      | Gained mutation: You have a pair of horns on your head.
                  | [Jiyva's grace]
  1088 | D:2      | Gained mutation: You have a pair of large horns on your
                  | head. [Jiyva's grace]
  1101 | D:2      | Gained mutation: You have sharp fingernails. [demonic
                  | ancestry]
  1101 | D:2      | Reached XP level 3. HP: 28/28 MP: 3/3
  1118 | D:2      | Reached skill level 1 in Armour
  1382 | D:3      | HP: 1/28 [orc wizard/+0 dagger of protection (3)]
  1386 | D:3      | Slain by an orc wizard

Illustrated notes

Levels and vault maps discovered:
D:1:      dpeg_arrival_houses_and_road, layout_basic,
          shapermc_ecumenical_altar_gd, minmay_pentomino_x4
D:2:      layout_basic
D:3:      layout_basic, uniq_sigmund

Skill      XL: |  1  2  3 |
---------------+----------+-----
Long Blades    | 3 |  3.2
Throwing       | 2 |  2.0
Armour         | 1 |  1.3
Fighting       | |  2.7
Dodging        | |  2.9

Action                   || total
-------------------------++-------
Melee: Long sword        ||    92
       Headbutt          ||     3
       Punch             ||     1
 Stab: Sleeping          ||     5
Armor: Leather armour    ||    29
Dodge: Dodged            ||    76
